 Dungeon Crawl Stone Soup version 0.21-a0-517-gd76cfe0 (webtiles) character file.

107603 slep the Severer (level 16, -7/152 HPs)
             Began as a Minotaur Monk on Dec 4, 2017.
             Was the Champion of Okawaru.
             Shot with a bolt by a naga sharpshooter (17 damage)
             ... summoned by an orange crystal statue
             ... on level 1 of the Snake Pit.
             The game lasted 03:15:26 (25443 turns).

slep the Severer (Minotaur Monk)                   Turns: 25443, Time: 03:15:27

Health: -7/152     AC: 27    Str: 24      XL:     16   Next: 0%
Magic:  7/18       EV: 15    Int:  4 (7)  God:    Okawaru [******]
Gold:   2239       SH: 19    Dex: 18      Spells: 15/15 levels left

rFire    . . .     SeeInvis .   a - +10 war axe of Jemaogup {speed, *Noise +Inv rPois Dex+2}
rCold    . . .     Gourm    .   I - +2 shield {reflect}
rNeg     + + .     Faith    +   Y - +3 chain mail {rN+}
rPois    +         Spirit   .   G - +2 hat
rElec    +         Reflect  +   w - +2 cloak {MR+}
rCorr    .         Harm     .   p - +1 pair of gloves
MR       +++..                  l - +0 pair of boots
Stlth    ..........             q - amulet of faith
HPRegen  0.35/turn              M - ring of positive energy
MPRegen  0.16/turn              T - +4 ring of strength

@: lethally poisoned (-7 -> -14)
A: retaliatory headbutt, horns 2, large bone plates 1, yellow scales 1, blink,
high mp 1, magic resistance 1, mutation resistance 1, electricity resistance
a: Blink, Heroism, Finesse, Renounce Religion, Evoke Invisibility


You were on level 1 of the Snake Pit.
You worshipped Okawaru.
Okawaru was exalted by your worship.
You were hungry.

You visited 7 branches of the dungeon, and saw 27 of its levels.
You also visited: Sewer and Ossuary.

You collected 2239 gold pieces.

Inventory:

Hand Weapons
 a - the +10 war axe of Jemaogup (weapon) {speed, *Noise +Inv rPois Dex+2}
   (Okawaru gifted it to you on level 12 of the Dungeon)

   Attacks with this weapon are significantly faster.
   It affects your dexterity (+2).
   It protects you from poison.
   It lets you turn invisible.
   It may make noises in combat.
 b - a +0 blowgun
 C - a +4 battleaxe of flaming
Missiles
 x - 84 poisoned needles
 W - 2 curare-tipped needles
Armour
 l - a +0 pair of boots (worn)
 p - a +1 pair of gloves (worn)
 v - a +1 chain mail of cold resistance
 w - a +2 cloak of magic resistance (worn)
 G - a +2 hat (worn)
 I - a +2 shield of reflection (worn)
 Q - a +2 scale mail of fire resistance
 Y - a +3 chain mail of positive energy (worn)
Jewellery
 e - an uncursed amulet of the gourmand
 q - an amulet of faith (around neck)
 M - a ring of positive energy (left hand)
 T - a +4 ring of strength (right hand)
 U - a +2 ring of evasion
Wands
 m - a wand of paralysis (9)
 t - a wand of polymorph (8)
 u - a wand of iceblast (9)
 F - a wand of enslavement (29)
 K - a wand of digging (32)
 S - a wand of acid (26)
Scrolls
 d - 15 scrolls of identify
 f - 7 scrolls of enchant armour
 i - 14 scrolls of remove curse
 n - 12 scrolls of teleportation
 r - 4 scrolls of enchant weapon
 y - 2 scrolls of fear
 E - 6 scrolls of blinking
 J - a scroll of acquirement
 P - 8 scrolls of magic mapping
Potions
 g - 8 potions of flight
 h - a potion of lignification
 j - 3 potions of resistance
 o - a potion of heal wounds
 z - 2 potions of invisibility
 A - 3 potions of agility
 D - 4 potions of haste
 L - 2 potions of magic
 N - a potion of cancellation
 O - 2 potions of brilliance
 R - 2 potions of might
 V - 3 potions of curing
Books
 k - a book of Air

   Spells                             Type                      Level
   a - Shock                          Conjuration/Air              1
   b - Swiftness                      Charms/Air                   2
   c - Static Discharge               Conjuration/Air              3
   d - Airstrike                      Air                          4
   e - Lightning Bolt                 Conjuration/Air              5
Miscellaneous
 X - a lightning rod (4/4)
 Z - a lamp of fire
Comestibles
 c - 17 bread rations
 s - 6 fruits
 B - 8 meat rations
 H - 22 royal jellies


   Skills:
 + Level 16.7 Fighting
 + Level 20.0 Axes
   Level 0.2(13.6) Polearms
 + Level 2.7 Throwing
 + Level 12.4 Armour
 + Level 10.3 Dodging
 + Level 4.4 Stealth
 + Level 11.6 Shields
 + Level 1.8 Evocations


You had 15 spell levels left.
You didn't know any spells.

Dungeon Overview and Level Annotations

Branches:
Dungeon (15/15)            Temple (1/1) D:7            Lair (6/6) D:11
  Swamp (0/4) Lair:3        Snake (1/4) Lair:3        Slime (1/5) Lair:5
    Orc (2/2) D:9             Elf (0/3) Orc:2        Vaults (0/5) D:14
 Depths (1/5) D:15

Altars:
Ashenzari
Elyvilon
Fedhas
Hepliaklqana
Kikubaaqudgha
Makhleb
Nemelex Xobeh
Okawaru
Qazlal
Ru
Sif Muna
Trog
Uskayaw
Vehumet
Wu Jian
Xom
Yredelemnul
Zin
The Shining One

Annotations:
Snake:1 exclusion: orange crystal statue


Innate Abilities, Weirdness & Mutations

You reflexively headbutt those who attack you in melee.
You have a pair of horns on your head.
You are partially covered in large bone plates. (SH +4)
You are partially covered in yellow scales. (AC +2)
You can translocate small distances at will.
You have an increased reservoir of magic. (+10% MP)
You are resistant to hostile enchantments. (MR+)
You are somewhat resistant to further mutation.
You are resistant to electric shocks. (rElec)


Message History

The naga sharpshooter gestures wildly while chanting.
The naga sharpshooter magically shoots a bolt.
You reflect the bolt off your +2 shield of reflection!
The bolt dissolves into shadows! x2
The naga sharpshooter casts a spell.
The naga sharpshooter magically shoots a bolt.
You reflect the bolt off your +2 shield of reflection!
The bolt dissolves into shadows! x2
There is a stone staircase leading down, spattered with blood here.
You can't go up here!
You feel sick.
The naga sharpshooter mumbles some strange words.
The naga sharpshooter magically shoots a bolt.
The bolt hits you!
* * * LOW HITPOINT WARNING * * *
The bolt dissolves into shadows! x2; You block the anaconda's attack. x2
The naga sharpshooter casts a spell.
The naga sharpshooter magically shoots a bolt.
The bolt hits you!
You die...

##......8...#
##.
.........#
#...
#.....N.#
...##.#.....#
........%NN.#
.###.##...###
#..#.S.#
#..#S##
##.@.# #...#
#####


You could see 3 naga sharpshooters, an anaconda and a black mamba.

Vanquished Creatures
  A lich (Depths:1)
  An azure jelly (Lair:5)
  Louise (D:15)
  3 very ugly things
  Nessos (D:14)
  A dire elephant (Lair:6)
  The ghost of koshka the Eclecticist, a journeyman DEAE of Vehumet (D:12)
  A great orb of eyes (Slime:1)
  An ice dragon (Depths:1)
  Fannar (D:11)
  7 vault guards (D:14)
  9 hydras
  A merfolk avatar (Lair:6)
  A centaur warrior (D:14)
  An anaconda (Snake:1)
  An ogre mage (D:15)
  A death yak (Lair:6)
  3 tengu warriors (D:14)
  11 two-headed ogres
  A sea snake (Lair:6)
  An obsidian statue (D:10)
  A wizard (D:15)
  A golden dragon skeleton (Depths:1)
  2 orc knights
  13 ugly things
  5 deep elf magi
  4 oklob plants (Lair:6)
  A manticore (Lair:6)
  2 cyclopes
  An orc sorcerer (D:15)
  2 black mambas
  A frost giant skeleton (Depths:1)
  13 elephants
  An eye of devastation (Lair:5)
  2 centaur zombies
  3 gargoyles
  17 spiny frogs
  6 rime drakes
  8 komodo dragons
  An efreet (D:15)
  Grinder (D:3)
  A tengu conjurer (D:13)
  7 trolls
  2 queen bees
  3 meliai (D:15)
  6 hornets
  8 polar bears
  19 blink frogs
  A wolf spider simulacrum (D:15)
  22 slime creatures
  12 hippogriffs
  2 shadows
  6 wyverns
  2 wraiths (D:14)
  5 basilisks
  Eustachio (D:5)
  36 yaks
  2 vampires
  2 hungry ghosts (D:12)
  6 vampire mosquitoes
  2 wargs
  21 water moccasins
  8 porcupines
  Purgy (Sewer)
  17 orc warriors
  3 phantoms
  3 ice beasts
  6 sky beasts
  4 eyes of draining
  A necrophage (Temple)
  15 ogres
  A tengu (shapeshifter) (D:15)
  11 centaurs
  18 wolves
  16 crocodiles
  2 big kobolds
  12 bullfrogs
  Blork the orc (D:5)
  A gnoll sergeant (D:9)
  5 scorpions
  A wyvern skeleton (D:13)
  A wyvern zombie (D:13)
  41 killer bees
  8 electric eels
  5 wights (D:13)
  A howler monkey (D:8)
  6 crimson imps
  2 quasits
  A bullfrog zombie (D:8)
  2 bullfrog skeletons
  15 orc priests
  9 hounds
  4 jellies
  6 centaur skeletons
  6 iguanas
  28 orc wizards
  10 worker ants
  A bullfrog simulacrum (D:12)
  A centaur simulacrum (D:12)
  8 mummies (Ossuary)
  A hound zombie (D:6)
  2 hound skeletons
  A howler monkey zombie (D:5)
  14 gnolls
  A howler monkey skeleton (D:6)
  A worker ant zombie (D:8)
  8 adders
  3 river rats
  5 shadow imps
  14 white imps
  An adder skeleton (D:8)
  3 worms
  3 dart slugs
  5 leopard geckos
  91 orcs
  7 giant cockroaches
  7 goblins
  7 hobgoblins
  13 jackals
  3 quokkas
  4 ball pythons
  7 bats
  7 frilled lizards
  A giant cockroach zombie (D:5)
  2 gnoll zombies (Ossuary)
  A hobgoblin zombie (Ossuary)
  23 kobolds
  2 kobold zombies (Ossuary)
  3 orc zombies (Ossuary)
  A quokka zombie (D:6)
  8 rats
  3 fungi
  6 plants
839 creatures vanquished.

Vanquished Creatures (others)
  A wolf (D:12)
  A worker ant (D:12)
  10 fungi
  32 plants
44 creatures vanquished.

Grand Total: 883 creatures vanquished

Notes
Turn   | Place    | Note
-------+----------+-------------------------------------------
     0 | D:1      | slep the Minotaur Monk began the quest for the Orb.
     0 | D:1      | Reached XP level 1. HP: 19/19 MP: 0/0
   138 | D:1      | Reached XP level 2. HP: 27/27 MP: 1/1
   459 | D:1      | Reached skill level 4 in Axes
   645 | D:2      | Found a sparkling altar of Nemelex Xobeh.
   647 | D:2      | Found a radiant altar of Vehumet.
   652 | D:2      | Found a glowing silver altar of Zin.
   655 | D:2      | Found a stormy altar of Qazlal.
   657 | D:2      | Found a sacrificial altar of Ru.
   665 | D:2      | Reached XP level 3. HP: 33/33 MP: 2/2
   747 | D:2      | Reached skill level 1 in Armour
   752 | D:2      | Reached XP level 4. HP: 36/41 MP: 3/3
  1549 | D:3      | Found a transporter.
  1585 | D:3      | Found a transporter.
  1730 | D:3      | Reached XP level 5. HP: 30/47 MP: 4/4
  1738 | D:3      | Reached skill level 5 in Axes
  1879 | D:3      | Noticed Grinder
  1879 | D:3      | Paralysed by Grinder for 2 turns
  1887 | D:3      | Paralysed by Grinder for 6 turns
  1900 | D:3      | Paralysed by Grinder for 3 turns
  1908 | D:3      | Killed Grinder
  1908 | D:3      | Reached skill level 5 in Dodging
  1908 | D:3      | Reached XP level 6. HP: 44/55 MP: 5/5
  2165 | D:3      | Reached skill level 5 in Fighting
  2389 | D:4      | Reached skill level 6 in Axes
  2463 | D:4      | Reached XP level 7. HP: 44/61 MP: 6/6
  2721 | D:5      | Entered Level 5 of the Dungeon
  2844 | D:5      | Found a glowing drain.
  2933 | D:5      | Reached skill level 7 in Axes
  2945 | Sewer    | Entered a sewer
  3051 | Sewer    | Noticed Purgy
  3063 | Sewer    | Killed Purgy
  3208 | D:5      | Reached XP level 8. HP: 48/70 MP: 7/7
  3252 | D:5      | Reached skill level 8 in Axes
  3307 | D:5      | Gained mutation: You have a pair of large horns on your head. [potion of mutation]
  3307 | D:5      | Gained mutation: Your spells are a little harder to cast, but a little more powerful. [potion of mutation]
  3543 | D:5      | Noticed Eustachio
  3560 | D:5      | Killed Eustachio
  3701 | D:5      | Reached skill level 9 in Axes
  3943 | D:5      | Gained mutation: You are partially covered in slimy green scales. (AC +2) [mutagenic meat]
  3944 | D:5      | Gained mutation: Your muscles are strong. (Str +2) [mutagenic meat]
  3945 | D:5      | Gained mutation: You are resistant to electric shocks. (rElec) [mutagenic meat]
  3946 | D:5      | Gained mutation: Your mind is acute. (Int +2) [mutagenic meat]
  3948 | D:5      | Gained mutation: You are partially covered in yellow scales. (AC +2) [mutagenic meat]
  4043 | D:5      | Noticed Blork the orc
  4047 | D:5      | Killed Blork the orc
  4209 | D:4      | Reached XP level 9. HP: 66/78 MP: 8/8
  4277 | D:4      | Reached skill level 10 in Axes
  4643 | D:6      | Reached skill level 5 in Armour
  5036 | D:6      | Found a sand-covered staircase.
  5045 | Ossuary  | Entered an ossuary
  5087 | Ossuary  | Reached skill level 11 in Axes
  5607 | D:7      | Got a transparent leather armour
  5626 | D:7      | Identified the cursed +1 leather armour of Calek {rF+} (You found it on level 7 of the Dungeon)
  5688 | D:7      | Found a staircase to the Ecumenical Temple.
  5703 | Temple   | Entered the Ecumenical Temple
  5774 | Temple   | Became a worshipper of Warmaster Okawaru
  5774 | Temple   | Reached * piety under Okawaru
  5774 | Temple   | Reached ** piety under Okawaru
  5918 | D:7      | Reached skill level 12 in Axes
  5941 | D:7      | HP: 4/81 [poisoned by a hornet]
  5947 | D:7      | HP: 3/81 [poisoned by a hornet]
  5955 | D:7      | HP: 2/81 [poisoned by a hornet]
  5961 | D:7      | HP: 2/81 [poisoned by a hornet]
  5967 | D:7      | HP: 2/81 [poisoned by a hornet]
  5972 | D:7      | HP: 2/81 [poisoned by a hornet]
  6660 | D:7      | Found a hazy altar of Hepliaklqana.
  6950 | D:8      | Reached XP level 10. HP: 85/88 MP: 9/9
  6952 | D:8      | Noticed a two-headed ogre
  6960 | D:8      | Killed a two-headed ogre
  6960 | D:8      | Reached *** piety under Okawaru
  7216 | D:8      | Reached skill level 1 in Evocations
  7400 | D:8      | Found a deep blue altar of Sif Muna.
  7518 | D:8      | Reached **** piety under Okawaru
  7751 | D:9      | Noticed a two-headed ogre
  7755 | D:9      | Killed a two-headed ogre
  7755 | D:9      | Reached skill level 13 in Axes
  8179 | D:9      | Reached skill level 1 in Shields
  8533 | D:9      | Found a staircase to the Orcish Mines.
  8853 | D:9      | Reached ***** piety under Okawaru
  8998 | Orc:1    | Entered Level 1 of the Orcish Mines
  9108 | Orc:1    | Reached XP level 11. HP: 66/97 MP: 11/11
  9283 | Orc:2    | Entered Level 2 of the Orcish Mines
  9586 | Orc:2    | Noticed an orc knight
  9904 | Orc:1    | Killed an orc knight
 10148 | Orc:2    | Found a staircase to the Elven Halls.
 10280 | Orc:2    | Noticed an orc knight
 10292 | Orc:2    | Received a gift from Okawaru
 10306 | Orc:2    | Noticed an orc sorcerer
 10844 | D:10     | Entered Level 10 of the Dungeon
 10903 | D:10     | Noticed an obsidian statue
 10954 | D:10     | Killed an obsidian statue
 10954 | D:10     | Reached skill level 10 in Fighting
 10954 | D:10     | Reached skill level 14 in Axes
 11752 | D:11     | Found a staircase to the Lair.
 11794 | D:11     | Noticed a two-headed ogre
 11810 | D:11     | Killed a two-headed ogre
 11810 | D:11     | Received a gift from Okawaru
 11888 | D:11     | Noticed Fannar
 12118 | D:11     | Killed Fannar
 12186 | D:11     | Reached skill level 15 in Axes
 12197 | D:11     | Reached skill level 5 in Shields
 12605 | D:11     | Noticed a deep elf mage
 12615 | D:11     | Killed a deep elf mage
 12615 | D:11     | Reached XP level 12. HP: 101/110 MP: 12/12
 12685 | Lair:1   | Entered Level 1 of the Lair of Beasts
 12685 | Lair:1   | Found a blossoming altar of Fedhas.
 12733 | Lair:1   | Noticed a four-headed hydra
 12753 | Lair:1   | Killed an eight-headed hydra
 12781 | Lair:1   | Reached ****** piety under Okawaru
 12986 | Lair:1   | Noticed a seven-headed hydra
 13003 | Lair:1   | Killed a 13-headed hydra
 13547 | Lair:2   | Received a gift from Okawaru
 13671 | Lair:2   | Reached skill level 16 in Axes
 14244 | Lair:2   | Received a gift from Okawaru
 14326 | Lair:2   | Reached XP level 13. HP: 84/118 MP: 13/13
 15161 | Lair:3   | Found a staircase to the Snake Pit.
 15827 | Lair:3   | Found a staircase to the Swamp.
 16036 | D:12     | Received a gift from Okawaru
 16040 | D:12     | Reached skill level 1 in Throwing
 16074 | D:12     | Got a crude war axe {god gift}
 16075 | D:12     | Identified the +10 war axe of Jemaogup {speed, *Noise +Inv rPois Dex+2} (Okawaru gifted it to you on level 12 of the Dungeon)
 16915 | D:12     | Lost mutation: Your muscles are strong. (Str +2) [mutagenic meat]
 16931 | D:12     | Noticed koshka's ghost (journeyman DEAE)
 16951 | D:12     | Killed koshka's ghost
 17025 | D:12     | Received a gift from Okawaru
 17277 | D:13     | Reached skill level 10 in Armour
 17581 | D:13     | Gained mutation: Your flesh is heat resistant. (rF+) [mutagenic meat]
 17583 | D:13     | Gained mutation: You are frail. (-10% HP) [mutagenic meat]
 17584 | D:13     | Gained mutation: Armour fits poorly on your strangely shaped body. [mutagenic meat]
 17586 | D:13     | Lost mutation: Armour fits poorly on your strangely shaped body. [mutagenic meat]
 17587 | D:13     | Lost mutation: You have a pair of large horns on your head. [potion of mutation]
 17587 | D:13     | Lost mutation: You are frail. (-10% HP) [potion of mutation]
 17587 | D:13     | Lost mutation: Your mind is acute. (Int +2) [potion of mutation]
 17587 | D:13     | Gained mutation: You are dopey. (Int -2) [potion of mutation]
 17587 | D:13     | Gained mutation: Armour fits poorly on your strangely shaped body. [potion of mutation]
 17587 | D:13     | Gained mutation: You evolve. [potion of mutation]
 17636 | D:13     | Reached skill level 17 in Axes
 17942 | D:13     | Found a white marble altar of Elyvilon.
 18106 | D:14     | Found a glowing golden altar of the Shining One.
 18191 | D:14     | Received a gift from Okawaru
 18202 | D:14     | Got a smoking fustibalus {god gift}
 18203 | D:14     | Identified the +3 fustibalus of Ash {freeze, *Drain rN++ MP+9 Stlth+} (Okawaru gifted it to you on level 14 of the Dungeon)
 18618 | D:13     | Lost mutation: You are dopey. (Int -2) [potion of mutation]
 18618 | D:13     | Lost mutation: You evolve. [potion of mutation]
 18618 | D:13     | Gained mutation: Your system is resistant to poisons. (rPois) [potion of mutation]
 18618 | D:13     | Gained mutation: You occasionally shout uncontrollably at your foes. [potion of mutation]
 18618 | D:13     | Gained mutation: You can translocate small distances at will. [potion of mutation]
 18619 | D:13     | Lost mutation: Armour fits poorly on your strangely shaped body. [potion of mutation]
 18619 | D:13     | Lost mutation: You occasionally shout uncontrollably at your foes. [potion of mutation]
 18619 | D:13     | Lost mutation: Your spells are a little harder to cast, but a little more powerful. [potion of mutation]
 18619 | D:13     | Gained mutation: Your movements are slightly less encumbered by armour. (ER -2) [potion of mutation]
 18619 | D:13     | Gained mutation: You are agile. (Dex +2) [potion of mutation]
 19044 | D:14     | Noticed Nessos
 19047 | D:14     | Received a gift from Okawaru
 19047 | D:14     | Reached XP level 14. HP: 96/129 MP: 14/14
 19057 | D:14     | HP: 4/193 [red ugly thing (18)]
 19083 | D:14     | Killed Nessos
 19365 | D:14     | Reached skill level 18 in Axes
 19377 | D:14     | Received a gift from Okawaru
 19471 | D:14     | Found a gate to the Vaults.
 19758 | D:15     | Entered Level 15 of the Dungeon
 19773 | D:14     | Reached skill level 10 in Shields
 20008 | D:15     | Noticed Louise
 20037 | D:15     | Killed Louise
 20045 | D:15     | Gained mutation: You have an increased reservoir of magic. (+10% MP) [mutagenic meat]
 20046 | D:15     | Gained mutation: You are somewhat resistant to further mutation. [mutagenic meat]
 20049 | D:15     | Lost mutation: Your movements are slightly less encumbered by armour. (ER -2) [potion of mutation]
 20049 | D:15     | Lost mutation: You are partially covered in slimy green scales. (AC +2) [potion of mutation]
 20049 | D:15     | Lost mutation: You are agile. (Dex +2) [potion of mutation]
 20049 | D:15     | Lost mutation: Your system is resistant to poisons. (rPois) [potion of mutation]
 20049 | D:15     | Gained mutation: You are partially covered in large bone plates. (SH +4) [potion of mutation]
 20129 | D:15     | Received a gift from Okawaru
 20281 | D:15     | Gained mutation: You are resistant to hostile enchantments. (MR+) [mutagenic meat]
 20282 | D:15     | Lost mutation: Your flesh is heat resistant. (rF+) [mutagenic meat]
 20319 | D:15     | Reached skill level 10 in Dodging
 20325 | D:15     | Received a gift from Okawaru
 20346 | D:15     | Reached skill level 15 in Fighting
 20380 | D:15     | Found a staircase to the Depths.
 20562 | D:15     | Found a hide-covered altar of Uskayaw.
 21109 | Depths:1 | Entered Level 1 of the Depths
 21178 | Depths:1 | Noticed a cyan very ugly thing
 21194 | Depths:1 | Killed a cyan very ugly thing
 21194 | Depths:1 | Received a gift from Okawaru
 21204 | Depths:1 | Noticed a lich
 21216 | Depths:1 | Killed a lich
 21216 | Depths:1 | Reached XP level 15. HP: 95/141 MP: 16/16
 21321 | D:15     | Reached skill level 19 in Axes
 22514 | Lair:4   | Found a stormy altar of Qazlal.
 23114 | Lair:5   | Found a staircase to the Slime Pits.
 23409 | Lair:6   | Entered Level 6 of the Lair of Beasts
 23468 | Lair:6   | Received a gift from Okawaru
 23545 | Lair:6   | Got a warped cloak {god gift}
 23551 | Lair:6   | Identified the +1 cloak "Deokeq" {*Corrode rN+ MR+} (Okawaru gifted it to you on level 6 of the Lair of Beasts)
 24531 | Lair:6   | Identified a scroll of acquirement
 25118 | Slime:1  | Entered Level 1 of the Pits of Slime
 25118 | Slime:1  | Noticed an azure jelly
 25132 | Lair:5   | Killed an azure jelly
 25132 | Lair:5   | Received a gift from Okawaru
 25158 | Slime:1  | Reached skill level 20 in Axes
 25357 | Snake:1  | Entered Level 1 of the Snake Pit
 25435 | Snake:1  | Reached XP level 16. HP: 79/152 MP: 6/18
 25443 | Snake:1  | Shot with a bolt by a naga sharpshooter

Vault maps used:
D:1:      lightli_arrival_statue_moat, minivault_4, columned_hall_lemuel,
          minmay_pentomino_v2
D:2:      minitemple, first_bread
D:3:      gammafunk_steamed_eel, uniq_grinder
D:5:      portal_sewer_entry_c, uniq_blork_the_orc, uniq_eustachio
D:6:      nicolae_ossuary_entry_monument
D:7:      kennysheep_mini_moat, minmay_temple_entry_glass
D:8:      kennysheep_mini
D:9:      david_orc_2, david_nohive_1, minmay_misc_feat_encased
D:10:     serial_glass, glass_columns_c, glass_columns_c, minmay_statue_bubble
D:11:     lair_entry_dummy, minivault_23, uniq_fannar
D:12:     serial_ice, serial_ice_g, serial_ice_m, serial_ice_i, serial_ice_o
D:13:     basic_altar
D:14:     erik_vaults_2, hangedman_abyss_or_decor_clamps, serial_bayou_lagoon_a,
          minmay_statues_item, tso_metal_star, uniq_nessos
D:15:     grunt_enter_depths_magical_seal, lemuel_statue_altar, uniq_louise
Temple:   regret_index_temple_waves
Lair:1:   basic_altar, fungi_pond_lemuel
Lair:2:   regret_index_wax_grids, grunt_megastairs_4
Lair:3:   swamp_mist, dummy_snake_entry, beast_lair_carwin_11
Lair:4:   basic_altar, grunt_megastairs_3
Lair:5:   minmay_slime_entry_eyes, lemuel_fruit_fields
Lair:6:   gammafunk_lair_ancient_temple, serial_bayou_shore_b,
          minmay_lair_oklob_chamber
Snake:1:  dpeg_stationary_puzzle, uniq_aizul
Orc:1:    uniq_gastronok
Orc:2:    grunt_orc_tribal_feast, portal_ice_cave_entry_imps
Depths:1: pan_entry, hell_entry, st_stairs_1, tgw_lugonu_bribe
Sewer:    kennysheep_door_sewer
Ossuary:  ossuary_tomb_3

Skill      XL: |  1  2  3  4  5  6  7  8  9 10 11 12 13 14 15 |
---------------+----------------------------------------------+-----
Fighting       | 4 5 6 8 9 11 12 13 15 16 | 16.7
Axes           | 4 5 6 7 9 12 13 15 16 17 18 20 | 20.0
Armour         | 1 3 4 5 6 7 9 10 11 12 | 12.4
Dodging        | 4 5 6 7 8 9 10 | 10.3
Stealth        | 2 3 4 |  4.4
Evocations     | 1 |  1.8
Shields        | 2 5 8 9 10 11 | 11.6
Throwing       | 2 |  2.7
Polearms       | |  0.2

Action                   |  1- 3 |  4- 6 |  7- 9 | 10-12 | 13-15 | 16-18 || total
-------------------------+-------+-------+-------+-------+-------+-------++-------
Melee: Hand axe          |    61 |   142 |   144 |       |       |       ||   347
       Headbutt          |     9 |    24 |    80 |   154 |   333 |       ||   600
       War axe           |       |       |   220 |   789 |   915 |       ||  1924
       Trident           |       |       |       |     4 |       |       ||     4
       Broad axe         |       |       |       |    16 |   119 |       ||   135
       Battleaxe         |       |       |       |       |   190 |       ||   190
 Fire: Blowgun           |       |       |       |     6 |    27 |       ||    33
Throw: Throwing net      |       |       |       |       |     1 |       ||     1
Evoke: Wand              |       |       |     5 |     6 |     4 |       ||    15
       Lamp of fire      |       |       |       |       |     1 |       ||     1
  Use: Potion            |       |     2 |     9 |     3 |    11 |       ||    25
       Scroll            |       |       |     6 |    11 |     6 |       ||    23
 Stab: Sleeping          |       |       |     4 |     2 |       |       ||     6
       Distracted        |       |       |     1 |     1 |       |       ||     2
  Eat: Chunk             |       |     5 |    21 |    24 |    48 |     1 ||    99
       Fruit             |       |       |       |       |     4 |       ||     4
Armor: Ring mail         |    26 |    46 |    11 |    45 |    32 |       ||   160
       Robe              |     1 |       |       |       |       |       ||     1
       Skin              |       |    10 |       |    44 |    20 |       ||    74
       Leather armour    |       |       |    81 |       |       |       ||    81
       Chain mail        |       |       |       |   310 |   409 |    11 ||   730
       Scale mail        |       |       |       |       |    65 |       ||    65
Dodge: Dodged            |    48 |    81 |   246 |   367 |   551 |     9 ||  1302
Block: Other             |       |       |    22 |       |    61 |       ||    83
       Shield            |       |       |       |   361 |   379 |    21 ||   761
       Reflection        |       |       |       |       |    16 |     1 ||    17

Table legend:
 A = Spawn XP
 B = Non-spawn XP
 C = Spawn XP percentage of total XP
 D = Spawn monster count
 E = Non-spawn monster count
 F = Spawn count percentage of total count
 G = Total turns spent on level
                    A         B        C        D         E        F      G
               +---------+---------+-------+---------+---------+-------+---------
         Total |       0 |  153719 |   0.0 |       0 |     832 |   0.0 | 25443
               +---------+---------+-------+---------+---------+-------+---------
           D:1 |       0 |      33 |   0.0 |       0 |      19 |   0.0 |   560
           D:2 |       0 |      96 |   0.0 |       0 |      23 |   0.0 |   634
           D:3 |       0 |     694 |   0.0 |       0 |      37 |   0.0 |  1296
           D:4 |       0 |     681 |   0.0 |       0 |      23 |   0.0 |   654
           D:5 |       0 |    1603 |   0.0 |       0 |      40 |   0.0 |  1342
           D:6 |       0 |    1152 |   0.0 |       0 |      25 |   0.0 |   699
           D:7 |       0 |     705 |   0.0 |       0 |      23 |   0.0 |  1209
           D:8 |       0 |    2225 |   0.0 |       0 |      35 |   0.0 |   822
           D:9 |       0 |    3135 |   0.0 |       0 |      44 |   0.0 |  1775
          D:10 |       0 |    1859 |   0.0 |       0 |      31 |   0.0 |   841
          D:11 |       0 |    6470 |   0.0 |       0 |      40 |   0.0 |  1291
          D:12 |       0 |    7621 |   0.0 |       0 |      38 |   0.0 |  1013
          D:13 |       0 |    6640 |   0.0 |       0 |      40 |   0.0 |  1177
          D:14 |       0 |   25667 |   0.0 |       0 |      55 |   0.0 |  1674
          D:15 |       0 |   17364 |   0.0 |       0 |      36 |   0.0 |  1090
        Temple |       0 |     140 |   0.0 |       0 |       4 |   0.0 |   149
        Lair:1 |       0 |    5765 |   0.0 |       0 |      26 |   0.0 |   883
        Lair:2 |       0 |   12693 |   0.0 |       0 |      69 |   0.0 |  1926
        Lair:3 |       0 |    4817 |   0.0 |       0 |      20 |   0.0 |  1443
        Lair:4 |       0 |    2125 |   0.0 |       0 |      11 |   0.0 |   506
        Lair:5 |       0 |    5704 |   0.0 |       0 |      14 |   0.0 |   745
        Lair:6 |       0 |   29606 |   0.0 |       0 |      87 |   0.0 |  1651
       Snake:1 |       0 |     889 |   0.0 |       0 |       1 |   0.0 |    86
       Slime:1 |       0 |    4052 |   0.0 |       0 |      13 |   0.0 |    70
         Orc:1 |       0 |    2336 |   0.0 |       0 |      28 |   0.0 |  1184
         Orc:2 |       0 |     754 |   0.0 |       0 |      21 |   0.0 |   176
      Depths:1 |       0 |    8589 |   0.0 |       0 |       7 |   0.0 |   203
         Sewer |       0 |     148 |   0.0 |       0 |       6 |   0.0 |   153
       Ossuary |       0 |     156 |   0.0 |       0 |      16 |   0.0 |   191
               +---------+---------+-------+---------+---------+-------+---------
